 Dungeon Crawl Stone Soup version 0.32-a0-391-gce5c0aab1b (webtiles) character file.

Game seed: 9860956890783486711

44 Sobieck the Shooter (level 2, 0/22 HPs)
             Began as a Coglin Hunter on Feb 19, 2024.
             Was a Follower of Ru.
             Succumbed to an adder's poison
             ... on level 2 of the Dungeon.
             The game lasted 00:02:12 (922 turns).

Sobieck the Shooter (Coglin Hunter)                  Turns: 922, Time: 00:02:13

Health: 0/22       AC:  3    Str: 11    XL:     2   Next: 62%
Magic:  2/2        EV: 12    Int:  8    God:    Ru [*.....]
Gold:   73         SH:  0    Dex: 19    Spells: 1/1 levels left

rFire   . . .        a - +0 shortbow {Kasem}
rCold   . . .        (shield currently unavailable)
rNeg    . . .        c - +0 leather armour
rPois   .            (no helmet)
rElec   .            (no cloak)
rCorr   .            (no gloves)
SInv    .            (no boots)
Will    .....        (no amulet)
Stlth   ++           (no ring)
HPRegen 0.23/turn    (no ring)
MPRegen 0.08/turn

%: no passive effects
@: lethally poisoned (0 -> -4), revved, stiff-legged, very slow
A: inexperienced 1, off-hand wielding, slow wielding, warmup strikes, warmup
strides
a: Renounce Religion


You were on level 2 of the Dungeon.
You worshipped Ru.
Ru was aware of your devotion.
You visited 1 branch of the dungeon, and saw 2 of its levels.

You collected 73 gold pieces.

Inventory:

Hand Weapons
 a - a +0 shortbow (weapon) {Kasem}
 h - a +0 sling
Armour
 c - a +0 leather armour (worn)
Scrolls
 b - 2 scrolls of butterflies
 e - a scroll of revelation {unknown}
 g - 2 scrolls of identify {unknown}
 k - a scroll of brand weapon {unknown}
Potions
 d - a potion of enlightenment {unknown}
 f - a potion of berserk rage {unknown}
 i - a potion of resistance {unknown}
 j - a potion of lignification {unknown}


   Skills:
 - Level 2.0 Fighting
 + Level 4.8 Ranged Weapons
 - Level 1.7 Dodging
 - Level 0.7 Stealth


You had one spell level left.
You didn't know any spells.
Your spell library contained the following spells:

 Spells                   Type           Power      Damage    Failure   Level
 Apportation              Tloc           0%         N/A       50%         1
 Necrotise                Necr           0%         1d4       50%         1
 Sting                    Conj/Alch      0%         1d3       50%         1
 Summon Small Mammal      Summ           0%         N/A       50%         1


Dungeon Overview and Level Annotations

Branches:
Dungeon (2/15)

Altars:
Ru


Innate Abilities, Weirdness & Mutations

You are somewhat inexperienced. (-1 XL)
You can wield a second weapon in your off-hand.
It takes a long time for you to wield or remove held weapons.
Your first few attacks do less damage.
Your first movements take longer.


Message History

You shoot an arrow. The arrow hits the adder!
The adder is almost dead.
The adder barely misses you. The adder completely misses you.
The adder misses you.
Unknown command.
You shoot an arrow. The arrow misses the adder.
The adder closely misses you. The adder bites you but does no damage.
The adder closely misses you. The adder bites you.
* * * LOW HITPOINT WARNING * * *
Unknown command.
You shoot an arrow. The arrow hits the adder!
You kill the adder!
The adder completely misses you.
Unknown command.
You shoot an arrow. The arrow barely misses the adder.
The adder bites you.
* * * LOW HITPOINT WARNING * * *
You are poisoned.
The adder poisons you! The adder bites you but does no damage.
You shoot an arrow. The arrow completely misses the adder.
You feel sick. The adder misses you. x2
You shoot an arrow. The arrow barely misses the adder.
You feel sick. The adder bites you but does no damage.
Unknown command.
You shoot an arrow. The arrow barely misses the adder.
You feel sick. The adder closely misses you. x2
You shoot an arrow. The arrow misses the adder.
You feel sick.
You are no longer poisoned.
The adder barely misses you.
Unknown command.
You shoot an arrow. The arrow hits the adder.
The adder is lightly wounded.
The adder barely misses you. The adder bites you.
* * * LOW HITPOINT WARNING * * *
You shoot an arrow.
The arrow hits the adder but does no damage.
The adder is lightly wounded.
The adder bites you.
* * * LOW HITPOINT WARNING * * *
The adder bites you.
* * * LOW HITPOINT WARNING * * *
You are lethally poisoned!
The adder poisons you!
Unknown command.
You shoot an arrow. The arrow closely misses the adder.
* * * LOW HITPOINT WARNING * * *
You feel sick. The adder barely misses you.
You shoot an arrow. The arrow hits the adder.
The adder is heavily wounded.
You die...
Ru respects your ultimate sacrifice.

##+##.#....~~~~...?...#
#......>.........≈≈~~.#
#....##....~~≈~~.~≈≈≈.##
#..........~≈~≈≈.≈≈≈~....
#..........~≈≈~~.~≈≈~....
##'#....[..~~~~≈.~≈~~....
#.####.##...............
###.####^###.#†###...?....
#............S@# #######
#........#######
#........# #........##
#.........##
#########..#####
##.....#### #####...<####
#.# ###.....## #.#


You could see an adder.

Vanquished Creatures
  An adder (D:2)
  A dart slug (D:1)
  2 bats (D:2)
  2 endoplasms (D:1)
  A giant cockroach (D:1)
  2 hobgoblins (D:1)
  2 kobolds (D:1)
  2 ball pythons
  2 frilled lizards (D:1)
  5 rats (D:1)
20 creatures vanquished.

Notes
Turn   | Place    | Note
-------+----------+-------------------------------------------
     0 | D:1      | Sobieck the Coglin Hunter began the quest for the Orb.
     0 | D:1      | Reached XP level 1. HP: 16/16 MP: 1/1
   120 | D:1      | Reached skill level 4 in Ranged Weapons
   120 | D:1      | Reached XP level 2. HP: 19/22 MP: 2/2
   421 | D:1      | Reached XP level 3. HP: 27/27 MP: 3/3
   550 | D:1      | Found a faded altar of an unknown god.
   604 | D:1      | Prayed at the altar of an unknown god.
   604 | D:1      | Became a worshipper of Ru the Awakened
   611 | D:1      | Gained mutation: You are somewhat inexperienced. (-1 XL)
                  | [Ru sacrifice]
   611 | D:1      | Reached XP level 2. HP: 22/22 MP: 2/2
   611 | D:1      | Reached * piety under Ru
   921 | D:2      | HP: 1/22 [poisoned by an adder]
   922 | D:2      | Succumbed to an adder's poison

Illustrated notes

Levels and vault maps discovered:
D:1:      matt_arrival_diagonals, layout_basic,
          hellmonk_ecumenical_altar_inner_sanctum, minivault_14,
          minmay_pentomino_w2
D:2:      layout_basic, serial_shops, nicolae_shop_getting_attention,
          minivault_14, kennysheep_generic_room_15

Skill      XL: |  1 |
---------------+----+-----
Ranged Weapons | 4 |  4.8
Fighting       | |  2.0
Dodging        | |  1.7
Stealth        | |  0.7

Action                     || total
---------------------------++-------
   Fire: Shortbow          ||    90
 Invoke: Sacrifice Experie ||     1
 Armour: Leather armour    ||    35
  Dodge: Dodged            ||    34

Table legend: (Time is in decaauts)
 A = Elapsed time spent in this place.
 B = Non-inter-level travel time spent in this place.
 C = Inter-level travel time spent in this place.
 D = Time resting spent in this place.
 E = Time spent auto-exploring this place.
 F = Levels seen in this place.
 G = Mean time per level.
                   A        B        C        D        E       F      G
               +--------+--------+--------+--------+--------+-----+--------+
         Total |    988 |    959 |     29 |      0 |    783 |   2 |  494.0 |
       Dungeon |    988 |    959 |     29 |      0 |    783 |   2 |  494.0 |
               +--------+--------+--------+--------+--------+-----+--------+

Top non-repeatable levels by time:
     D:1: 861 daAuts
     D:2: 127 daAuts
